 Dungeon Crawl Stone Soup version 0.29.1-2-gbd0b4ee654 (webtiles) character file.

Game seed: 3078101049439170638

162 funnyparkerb the Skirmisher (level 5, -2/31 HPs)
             Began as a Kobold Hunter on Nov 18, 2022.
             Slain by a gnoll
             ... wielding a +0 whip
              (6 damage)
             ... on level 3 of the Dungeon.
             The game lasted 00:03:16 (3773 turns).

funnyparkerb the Skirmisher (Kobold Hunter)         Turns: 3773, Time: 00:03:16

Health: -2/31      AC:  4    Str: 15    XL:     5   Next: 71%
Magic:  5/5        EV: 15    Int: 10    God:
Gold:   127        SH:  0    Dex: 20    Spells: 4/4 levels left

rFire   . . .      SeeInvis .   a - +0 shortbow
rCold   . . .      Faith    .   (shield currently unavailable)
rNeg    . . .      Spirit   .   c - +0 leather armour
rPois   .          Reflect  .   d - +0 helmet
rElec   .          Harm     .   (no cloak)
rCorr   .          Rampage  .   (no gloves)
Will    .....      Clarity  +   (no boots)
Stlth   +++.......              (no amulet)
HPRegen 0.10/turn               g - +6 ring of strength
MPRegen 0.09/turn               f - ring of flight

@: about to teleport, flying
A: small, no large weapons, nightstalker 3, clarity, wild magic 1
a: no special abilities


You were on level 3 of the Dungeon.
You visited 1 branch of the dungeon, and saw 4 of its levels.

You collected 127 gold pieces.

Inventory:

Hand Weapons
 a - a +0 shortbow (weapon)
Armour
 c - a +0 leather armour (worn)
 d - a +0 helmet (worn)
Jewellery
 e - a ring of protection from cold
 f - a ring of flight (right hand)
 g - a +6 ring of strength (left hand)
Scrolls
 b - 3 scrolls of immolation
 j - 2 scrolls of identify {unknown}
 n - a scroll of teleportation
 p - a scroll of brand weapon {unknown}
Potions
 h - a potion of flight {unknown}
 i - a potion of lignification {unknown}
 k - a potion of haste {unknown}
 l - a potion of mutation
 m - a potion of curing
 o - a potion of resistance {unknown}
 q - a potion of brilliance {unknown}


   Skills:
 + Level 2.6 Fighting
 + Level 8.2 Ranged Weapons
 + Level 2.9 Dodging
 - Level 1.3 Stealth


You had 4 spell levels left.
You didn't know any spells.
Your spell library was empty.

Dungeon Overview and Level Annotations

Branches:
Dungeon (4/15)
 Temple: D:4-7

Altars:
Hepliaklqana
Makhleb
The Shining One

Shops:
D:3 *

Annotations:
D:4 exclusion: ogre


Innate Abilities, Weirdness & Mutations

You are small and have problems with some larger weapons.
You are completely attuned to the shadows.
You possess an exceptional clarity of mind.
Your spells are a little harder to cast, but a little more powerful.


Message History

A gnoll comes into view. It is wielding a +0 whip.
You see here 9 gold pieces.
You shoot an arrow. The arrow hits the gnoll!
The gnoll shouts!
The gnoll is severely wounded.
You hear a shout! x2; You hear an angry hiss. x2
A gnoll comes into view. It is wielding a +0 halberd.
You shoot an arrow.
The arrow hits the gnoll but does no damage.
You hear a shout!
You shoot an arrow. The arrow barely misses the ogre.
You shoot an arrow. The arrow hits the ogre.
The ogre is moderately wounded.
The gnoll hits you from afar with a +0 halberd.
A gnoll comes into view. It is wielding a +0 flail.
The ogre attacks as you move away! The ogre completely misses you.
The gnoll hits you from afar with a +0 halberd.
There is a stone staircase leading up here.
The gnoll hits you but does no damage.
You fly upwards.
There is a stone staircase leading down here.
You start resting.
HP restored.
There is an open door here.
There is a stone staircase leading down here.
You fly downwards.
Level annotation: exclusion: ogre The gnoll hits you with a +0 whip.
There is a stone staircase leading up here.
The gnoll hits you with a +0 whip.
The ogre hits you with a +0 giant spiked club!!
Ouch! That really hurt!
* * * LOW HITPOINT WARNING * * *
You fly upwards.
There is a stone staircase leading down here.
There are monsters nearby!
Okay, then.
As you read the scroll of teleportation, it crumbles to dust.
You feel strangely unstable. The gnoll hits you with a +0 whip.
You die...

# #.###### #.# # #####
#.########.# ########...#
#.#........#
...........#####.#.###########
.................#.# #......#
...........#######.# #.####.#
...#######.# #.# #.# #.#
...#.....#.#######.####.# #.#
...#.._..#.....g@O....#.# #.#
...#.....##......#......# #.#
####⌠#.#⌠##......####.### #.#
###.####........##.# #.# #
#..###......#.##.# #.# #
##.#..####..#....# #.#
#######'#..## #..###########.#
##..........###............#.#
##................########.#.#


You could see an ogre and a gnoll.

Vanquished Creatures
  An orc priest (D:3)
  An orc wizard (D:3)
  3 adders
  2 dart slugs
  3 orcs (D:3)
  4 ball pythons
  6 endoplasms
  2 giant cockroaches (D:2)
  5 goblins
  6 hobgoblins
  7 jackals
  6 quokkas
  8 bats
  A frilled lizard (D:2)
  6 kobolds
  5 rats
66 creatures vanquished.

Notes
Turn   | Place    | Note
-------+----------+-------------------------------------------
     0 | D:1      | funnyparkerb the Kobold Hunter began the quest for the Orb.
     0 | D:1      | Reached XP level 1. HP: 12/12 MP: 1/1
    32 | D:1      | Reached XP level 2. HP: 13/17 MP: 2/2
    39 | D:1      | Reached skill level 6 in Ranged Weapons
   428 | D:1      | Reached XP level 3. HP: 19/19 MP: 3/3
   705 | D:1      | Found a faded altar of an unknown god.
   989 | D:2      | Reached skill level 7 in Ranged Weapons
   989 | D:2      | Reached XP level 4. HP: 19/26 MP: 4/4
  1642 | D:2      | Found a glowing golden altar of the Shining One.
  2439 | D:3      | Found a burning altar of Makhleb.
  2665 | D:3      | Gained mutation: You possess an exceptional clarity of
                  | mind. [potion of mutation]
  2665 | D:3      | Gained mutation: Your spells are a little harder to cast,
                  | but a little more powerful. [potion of mutation]
  2670 | D:3      | Reached skill level 8 in Ranged Weapons
  2670 | D:3      | Reached XP level 5. HP: 16/28 MP: 5/5
  2805 | D:3      | Found Uciad's Assorted Antiques.
  3606 | D:4      | Found a hazy altar of Hepliaklqana.
  3607 | D:4      | Noticed an ogre
  3773 | D:3      | Slain by a gnoll

Illustrated notes

Levels and vault maps discovered:
D:1:      ncdulo_wetmaze, layout_basic, hellmonk_ecumenical_altar_leap_of_faith,
          minmay_misc_feat_tiny
D:2:      layout_basic, basic_altar
D:3:      layout_basic, mainiacjoe_overflow_alcove_2, serial_shops,
          nicolae_lakefront_shop
D:4:      layout_rooms, mainiacjoe_overflow_concentric_impassable,
          cheibrodos_ashenzari_chains, grunt_temple_overflow_open,
          minmay_misc_feat_pillars, minmay_close_crescents

Skill      XL: |  1  2  3  4 |
---------------+-------------+-----
Ranged Weapons | 6 7 8 |  8.2
Fighting       | |  2.6
Dodging        | |  2.9
Stealth        | |  1.3

Action                   |  1- 3 |  4- 6 || total
-------------------------+-------+-------++-------
 Fire: Shortbow          |    80 |    99 ||   179
  Use: Potion            |       |     2 ||     2
       Scroll            |       |     2 ||     2
Armor: Leather armour    |     9 |    13 ||    22
Dodge: Dodged            |    32 |    40 ||    72
